 Dungeon Crawl Stone Soup version 0.19.0-26-g9e9c210 (webtiles) character file.

307660 Mesmaeker13 the Imperceptible (level 20, -1/159 HPs)
             Began as a Vampire Enchanter on Nov 23, 2016.
             Was a High Priest of Ashenzari.
             Slain by a skeletal warrior
             ... wielding a +0 dire flail
             ... led by a skeletal warrior
              (21 damage)
             ... on level 1 of the Vaults.
             The game lasted 05:25:56 (62527 turns).

Mesmaeker13 the Imperceptible (Vampire Enchanter)  Turns: 62527, Time: 05:25:57

Health: -1/159     AC: 16    Str: 12    XL:     20   Next: 33%
Magic:  27/32      EV: 31    Int: 22    God:    Ashenzari [*****.]
Gold:   2607       SH:  6    Dex: 23    Spells: 8 memorised, 12 levels left

rFire  + . .     SeeInvis +     e - +3 long sword "Nyuss" {speed, rPois rN+}
rCold  + . .     Gourm    .     g - +1 leather armour {rF+}
rNeg   + + .     Faith    .     d - +0 buckler
rPois  +         Spirit   .     b - +1 helmet (curse)
rElec  .         Reflect  .     M - +2 cloak of Kicveim {Str+4 SInv}
rCorr  .         Harm     .     C - +2 pair of gloves of the Evening {rC+} (curse)
MR     +++..     Clarity  +     r - +0 pair of boots (curse)
Stlth  +++++++++. Rnd*Tele +    V - amulet of Vitality {Regen+ HP+15}
                                i - +5 ring of dexterity (curse)
                                m - ring of protection from magic

@: no status effects
A: fangs 3, molten scales 1, see invisible, frail 1, teleportitis 1, unbreathing
a: Bat Form, Curse Item, Scrying, Transfer Knowledge, Renounce Religion
}: 2/15 runes: barnacled, gossamer


You were on level 1 of the Vaults.
You worshipped Ashenzari.
Ashenzari was extremely pleased with you.
You were not thirsty.

You visited 9 branches of the dungeon, and saw 37 of its levels.
You visited the Abyss 2 times.

You collected 5680 gold pieces.
You spent 3073 gold pieces at shops.

Inventory:

Hand Weapons
 a - a +6 quick blade of piercing
 e - the +3 long sword "Nyuss" (weapon) {speed, rPois rN+}
   (You bought it in a shop on level 1 of the Vaults)

   Attacks with this weapon are significantly faster.
   It protects you from poison.
   It protects you from negative energy.
 N - a +3 vampiric dagger
Armour
 b - a cursed +1 helmet (worn)
 d - a +0 buckler (worn)
 g - a +1 leather armour of fire resistance (worn)
 r - a cursed +0 pair of boots (worn)
 u - the +1 leather armour of Qyecev {*Contam rN+ rCorr Str+3}
   (You bought it in a shop on level 2 of the Orcish Mines)

   It affects your strength (+3).
   It protects you from negative energy.
   It causes magical contamination when unequipped.
   It protects you from acid and corrosion.
 C - the cursed +2 pair of gloves of the Evening (worn) {rC+}
   (You bought it in a shop on level 7 of the Dungeon)

   It protects you from cold.
   It has a curse placed upon it.
 M - the +2 cloak of Kicveim (worn) {Str+4 SInv}
   (You found it on level 11 of the Dungeon)

   It affects your strength (+4).
   It lets you see invisible.
Jewellery
 c - an uncursed ring of ice
 i - a cursed +5 ring of dexterity (right hand)
 m - a ring of protection from magic (left hand)
 P - the ring of Kovonyw {rF+ Str+3}
   (You found it on level 3 of the Elven Halls)

   [ring of strength]

   It affects your strength (+3).
   It protects you from fire.
 V - the amulet of Vitality (around neck) {Regen+ HP+15}
   (You found it on level 3 of the Elven Halls)

   [amulet of regeneration]

   It affects your health (+15).
   It increases your rate of regeneration.
Wands
 F - a wand of heal wounds (2/9)
 S - a wand of teleportation (5/9)
Scrolls
 j - 2 scrolls of teleportation
 n - a scroll of amnesia
 q - 3 scrolls of magic mapping
 w - a scroll of fear
 G - a scroll of identify
 L - 8 scrolls of remove curse
 U - 2 scrolls of fog
 Z - a scroll of silence
Potions
 f - a potion of agility
 h - a potion of resistance
 k - 3 potions of curing
 l - a potion of magic
 o - a potion of invisibility
 s - 6 potions of blood
 v - 4 potions of heal wounds
 z - a potion of flight
 B - 2 potions of cancellation
 I - a potion of haste
 K - 5 potions of ambrosia
 T - 2 potions of brilliance
 W - 2 potions of berserk rage
Miscellaneous
 H - a crystal ball of energy
 R - a disc of storms


   Skills:
 + Level 14.4 Fighting
 - Level 12.0(12.4) Short Blades
 + Level 5.2(8.9) Long Blades
 - Level 4.3 Armour
 - Level 18.5(20.5) Dodging
 + Level 24.5(26.3) Stealth
 - Level 5.0 Shields
 - Level 8.0 Spellcasting
 - Level 3.1 Conjurations
 - Level 15.2 Hexes
 - Level 8.0 Air Magic
 - Level 5.5 Poison Magic
 - Level 8.2 Evocations


You had 12 spell levels left.
You knew the following spells:

 Your Spells              Type           Power        Failure   Level  Hunger
a - Corona                Hex            ######.      1%          1    None
b - Confuse               Hex            ######..     1%          3    None
c - Tukima's Dance        Hex            ######..     1%          3    None
d - Dazzling Spray        Conj/Hex       #####.       1%          3    None
e - Mephitic Cloud        Conj/Pois/Air  ####....     2%          3    None
f - Repel Missiles        Chrm/Air       ####..       2%          2    None
g - Invisibility          Hex            ######..     2%          6    ######.
h - Passwall              Tmut/Erth      #.........   14%         2    None


Dungeon Overview and Level Annotations

Branches:
Dungeon (15/15)            Temple (1/1) D:7            Lair (6/6) D:8
 Shoals (4/4) Lair:3       Spider (4/4) Lair:4        Slime (0/5) Lair:5
    Orc (2/2) D:11            Elf (3/3) Orc:2        Vaults (1/5) D:14
 Depths (1/5) D:15

Altars:
Ashenzari
Cheibriados
Dithmenos
Elyvilon
Fedhas
Gozag
Hepliaklqana
Kikubaaqudgha
Makhleb
Nemelex Xobeh
Okawaru
Qazlal
Ru
Sif Muna
Trog
Uskayaw
Vehumet
Xom
Yredelemnul
Zin
The Shining One
Beogh

Shops:
D:7 [   D:13 *   Orc:2 :*(([   Vaults:1 ((*

Annotations:
Shoals:4 Ilsuiw


Innate Abilities, Weirdness & Mutations

You have razor-sharp teeth.
You have supernaturally acute eyesight. (SInv)
You can survive without breathing.
You are partially covered in molten scales. (AC +2)
You are frail. (-10% HP)
You are occasionally teleported next to monsters.


Message History

The skeletal warrior barely misses you.
You block the skeletal warrior's attack.
You hit the skeletal warrior.
The skeletal warrior is moderately damaged.
The skeletal warrior closely misses you.
The skeletal warrior hits you with a dire flail!!
* * * LOW HITPOINT WARNING * * *
You block the skeletal warrior's attack.
The skeletal warrior hits you with a short sword!
* * * LOW HITPOINT WARNING * * *
The skeletal warrior barely misses you.
Okay, then.
You slash the skeletal warrior!
The skeletal warrior is heavily damaged.
The skeletal warrior completely misses you.
You hit the skeletal warrior but do no damage.
You bite the skeletal warrior, but do no damage.
The skeletal warrior is heavily damaged.
The skeletal warrior hits you with a dire flail!!
You die...

#......# #...#.. , ,
#......# #...###* ***
#......# #...#
#..%...# #...#
#......########'#####
#......#............#
#.....)#z...........#
#.....zzz...........#
#......#@...........#
#......#............#
#......#............#
#......#............#
#......##############
########


You could see 4 skeletal warriors.

Vanquished Creatures
  Saint Roka (Vaults:1)
  A tentacled monstrosity (Abyss:4)
  2 deep elf master archers (Elf:3)
  2 deep elf blademasters (Elf:3)
  Polyphemus (Shoals:2)
  Gastronok (D:9)
  Aizul (Shoals:3)
  3 ghost moths (Spider:4)
  A frost giant (D:15)
  5 vault wardens (Vaults:1)
  4 emperor scorpions
  7 deep elf sorcerers
  4 deep elf elementalists (Elf:3)
  An orc warlord (Orc:2)
  A war gargoyle (Vaults:1)
  3 ironheart preservers (Vaults:1)
  4 entropy weavers
  6 deep elf demonologists (Elf:3)
  Azrael (Orc:2)
  5 deep elf annihilators
  3 deep elf death magi (Elf:3)
  A spark wasp (Spider:4)
  4 merfolk javelineers
  2 fire dragons
  Snorg (Lair:4)
  Erolcha (D:9)
  9 merfolk impalers
  2 deep elf high priests (Elf:3)
  2 yaktaur captains (Vaults:1)
  A rakshasa (Vaults:1)
  Fannar (D:12)
  2 ice dragons (Vaults:1)
  2 vault guards (D:14)
  4 merfolk avatars
  7 hydras
  6 merfolk aquamancers
  2 catoblepae
  2 ogre magi (Vaults:1)
  3 centaur warriors
  4 alligator snapping turtles
  3 satyrs (Shoals:4)
  5 death yaks
  24 dancing weapons
  2 orc high priests
  Urug (D:12)
  Sonja (Lair:2)
  Nergalle (D:12)
  18 deep elf knights
  7 skeletal warriors
  10 sea snakes
  A small abomination (Elf:3)
  2 unseen horrors
  A flayed ghost (Vaults:1)
  11 deep elf archers
  5 wizards
  4 ironbrand convokers (Vaults:1)
  7 hill giants
  18 harpies
  3 orc knights
  Pikel (D:8)
  70 deep elf magi
  20 orb spiders
  38 wolf spiders
  3 oklob plants
  7 ugly things
  2 necromancers (D:14)
  5 orc sorcerers
  11 cyclopes
  10 fauns
  3 moths of wrath
  18 manticores
  12 elephants
  Joseph (D:7)
  2 centaur zombies
  2 vault sentinels (Vaults:1)
  6 sirens
  4 water nymphs
  4 black mambas
  A torpor snail (Spider:4)
  A gargoyle (D:13)
  6 rime drakes
  12 spiny frogs
  A kobold demonologist (Elf:1)
  3 yaktaurs
  An efreet (D:13)
  18 komodo dragons
  17 demonic crawlers
  7 wind drakes
  6 trolls
  A jumping spider (shapeshifter) (Elf:3)
  8 polar bears
  40 jumping spiders
  14 slime creatures
  A harpy skeleton (D:15)
  Prince Ribbit (D:9)
  4 hornets
  3 two-headed ogres
  30 merfolk
  8 blink frogs (Lair:6)
  2 meliai zombies (D:14)
  16 dream sheep
  13 hippogriffs
  11 snapping turtles
  A human simulacrum (Vaults:1)
  A shadow (D:14)
  Sigmund (D:5)
  3 air elementals
  5 wyverns
  93 redbacks
  16 water elementals
  28 tarantellas
  2 wraiths
  45 yaks
  2 vampires
  5 fire elementals
  2 hogs (D:10)
  19 humans
  3 basilisks
  A golden eye (shapeshifter) (Elf:1)
  A hog (shapeshifter) (Elf:2)
  2 steam dragons
  8 wargs
  4 hungry ghosts
  A soldier ant (shapeshifter) (Elf:2)
  4 hell hounds
  8 water moccasins
  10 porcupines
  A sky beast (D:5)
  An eye of draining (D:8)
  48 orc warriors
  4 ice beasts
  A phantom (D:8)
  A black bear (D:10)
  A necrophage (D:4)
  A boggart (Elf:1)
  12 centaurs
  17 ogres
  16 crocodiles
  2 wolves (Lair:2)
  3 big kobolds
  29 bullfrogs
  2 earth elementals
  A wyvern zombie (D:13)
  A wyvern skeleton (D:13)
  7 scorpions
  3 killer bees (D:11)
  4 howler monkeys
  3 wights (D:10)
  4 electric eels
  8 crimson imps
  9 hounds
  A wyvern simulacrum (D:15)
  4 bullfrog zombies
  16 jellies
  48 orc wizards
  34 orc priests
  3 bullfrog skeletons
  6 centaur skeletons
  7 iguanas
  9 worker ants
  A hound skeleton (D:10)
  2 hound zombies
  Robin (D:2)
  A worker ant zombie (D:11)
  11 gnolls
  2 howler monkey skeletons
  9 adders
  3 shadow imps
  4 oozes
  2 adder zombies
  An adder skeleton (D:5)
  A worm (D:2)
  3 dart slugs
  7 leopard geckos
  127 orcs
  4 giant cockroaches
  13 goblins
  16 hobgoblins
  14 jackals
  4 quokkas
  4 bats
  4 frilled lizards
  A giant cockroach zombie (D:5)
  20 kobolds
  3 quokka skeletons
  A quokka zombie (D:6)
  4 rats
  A crawling corpse (Elf:3)
  3 plants
1520 creatures vanquished.

Vanquished Creatures (collateral kills)
  A vault warden (Vaults:1)
  An ironheart preserver (Vaults:1)
  A deep elf knight (Elf:2)
  A hill giant (D:12)
  A faun (Shoals:4)
  A siren (Shoals:2)
  2 two-headed ogres
  A jumping spider (Spider:4)
  2 redbacks (Spider:2)
  A sky beast (D:12)
  3 orc warriors (Orc:2)
  2 ogres
  A centaur (Vaults:1)
  3 orc priests
  3 orc wizards
  A gnoll (D:8)
  9 orcs
  A jackal (D:3)
  A kobold (D:10)
36 creatures vanquished.

Vanquished Creatures (others)
  Arachne (Spider:2)
  2 wolf spiders (Spider:4)
  20 dancing weapons
  A redback (Spider:2)
  A slave (D:8)
  An ogre (Orc:2)
  An ice beast (D:10)
  A hound (D:10)
  2 orc priests (D:8)
  An orc wizard (D:10)
  A hound skeleton (D:8)
  An orc (Orc:1)
  3 bushes
  14 fungi
  92 plants
142 creatures vanquished.

Grand Total: 1698 creatures vanquished

Notes
Turn   | Place    | Note
-------+----------+-------------------------------------------
     0 | D:1      | Mesmaeker13 the Vampire Enchanter began the quest for the Orb.
     0 | D:1      | Reached XP level 1. HP: 13/13 MP: 3/3
   112 | D:1      | Reached XP level 2. HP: 19/19 MP: 5/5
   205 | D:1      | Reached skill level 5 in Hexes
   398 | D:1      | Reached skill level 5 in Stealth
  1081 | D:2      | Noticed Robin
  1091 | D:2      | Reached XP level 3. HP: 24/24 MP: 6/6
  1105 | D:2      | Learned a level 3 spell: Confuse
  1133 | D:2      | Killed Robin
  1563 | D:2      | Reached XP level 4. HP: 20/30 MP: 2/7
  1782 | D:2      | Reached skill level 6 in Stealth
  2433 | D:2      | Found a radiant altar of Vehumet.
  2442 | D:2      | Found a burning altar of Makhleb.
  2550 | D:2      | Found a stormy altar of Qazlal.
  2681 | D:3      | Gained mutation: You have sharp toenails. [potion of beneficial mutation]
  2682 | D:3      | Gained mutation: Your muscles are strong. (Str +2) [potion of beneficial mutation]
  2739 | D:3      | Learned a level 3 spell: Tukima's Dance
  2767 | D:3      | Reached XP level 5. HP: 35/35 MP: 8/8
  2896 | D:3      | You fall through a shaft!
  3597 | D:4      | Noticed a necrophage
  3741 | D:4      | Noticed an ogre
  3742 | D:4      | Reached skill level 7 in Stealth
  3742 | D:4      | Reached XP level 6. HP: 25/41 MP: 0/10
  4492 | D:4      | Learned a level 3 spell: Dazzling Spray
  4585 | D:4      | Reached XP level 7. HP: 44/46 MP: 11/11
  4684 | D:4      | Reached skill level 8 in Stealth
  5086 | D:5      | Entered Level 5 of the Dungeon
  5100 | D:5      | Found a sparkling altar of Nemelex Xobeh.
  5324 | D:5      | Reached skill level 5 in Short Blades
  5324 | D:5      | Reached XP level 8. HP: 33/52 MP: 12/14
  5471 | D:5      | Reached skill level 9 in Stealth
  5634 | D:5      | Noticed Sigmund
  5646 | D:5      | Killed Sigmund
  6154 | D:6      | Reached skill level 10 in Stealth
  7020 | D:7      | Reached XP level 9. HP: 53/57 MP: 6/15
  7033 | D:7      | Noticed Joseph
  7046 | D:7      | Killed Joseph
  7046 | D:7      | Reached skill level 10 in Hexes
  7047 | D:7      | Found a staircase to the Ecumenical Temple.
  7050 | D:7      | Found a sparkling altar of Nemelex Xobeh.
  7110 | D:7      | Reached skill level 5 in Dodging
  7110 | D:7      | Reached skill level 11 in Stealth
  7529 | D:7      | Found Gale's Antique Armour Boutique.
  7536 | D:7      | Bought a pair of brightly glowing gloves for 266 gold pieces
  7541 | D:7      | Identified the +2 pair of gloves of the Evening {rC+} (You bought it in a shop on level 7 of the Dungeon)
  7588 | D:7      | Learned a level 3 spell: Mephitic Cloud
  7640 | Temple   | Entered the Ecumenical Temple
  7817 | D:7      | Reached skill level 1 in Air Magic
  8016 | D:7      | Found a shattered altar of Ashenzari.
  8027 | D:7      | Became a worshipper of Ashenzari the Shackled
  8491 | D:8      | Noticed a troll
  8493 | D:8      | Killed a troll
  8542 | D:8      | Reached skill level 12 in Stealth
  8554 | D:8      | Reached XP level 10. HP: 63/63 MP: 16/16
  8584 | D:8      | Found a staircase to the Lair.
  8626 | D:8      | Noticed a hill giant
  8811 | D:8      | Killed a hill giant
  9182 | D:8      | Noticed Pikel
  9195 | D:8      | Killed Pikel
  9327 | D:8      | Found an iron altar of Okawaru.
  9327 | D:8      | Found a faded altar of an unknown god.
  9332 | D:8      | Found a bloodstained altar of Trog.
  9334 | D:8      | Found a glowing golden altar of the Shining One.
  9335 | D:8      | Found a faded altar of an unknown god.
  9648 | D:9      | Learned a level 2 spell: Repel Missiles
  9804 | D:9      | Noticed Gastronok
  9839 | D:9      | Killed Gastronok
  9839 | D:9      | Reached skill level 13 in Stealth
  9839 | D:9      | Reached skill level 5 in Air Magic
 10097 | D:9      | Found a hazy altar of Hepliaklqana.
 10189 | D:9      | Noticed Erolcha
 10243 | D:9      | Killed Erolcha
 10243 | D:9      | Reached XP level 11. HP: 68/68 MP: 13/17
 10426 | D:9      | Reached skill level 14 in Stealth
 10732 | D:9      | Noticed Prince Ribbit
 10740 | D:9      | Killed Prince Ribbit
 10955 | D:10     | Entered Level 10 of the Dungeon
 11121 | D:10     | Reached * piety under Ashenzari
 11378 | D:10     | Reached skill level 10 in Short Blades
 12361 | D:11     | Found a staircase to the Orcish Mines.
 12622 | D:11     | Got the uncursed cloak of Kicveim {Str+4 SInv}
 12633 | D:11     | Identified the +2 cloak of Kicveim {Str+4 SInv} (You found it on level 11 of the Dungeon)
 12672 | D:11     | Noticed a skeletal warrior
 12675 | D:11     | Noticed a skeletal warrior
 12679 | D:11     | Killed a skeletal warrior
 12679 | D:11     | Reached skill level 15 in Stealth
 12680 | D:11     | Noticed a skeletal warrior
 12681 | D:11     | Noticed a skeletal warrior
 12681 | D:11     | Noticed a skeletal warrior
 12683 | D:11     | Killed a skeletal warrior
 12777 | Lair:1   | Entered Level 1 of the Lair of Beasts
 12900 | Lair:1   | Reached ** piety under Ashenzari
 13001 | Lair:1   | Reached skill level 10 in Dodging
 13001 | Lair:1   | Reached XP level 12. HP: 57/74 MP: 17/18
 13017 | Lair:1   | Found a hazy altar of Hepliaklqana.
 13072 | Lair:1   | Got the battleaxe of the Wilderness {speed, Dex+6}
 13073 | Lair:1   | Identified the +8 battleaxe of the Wilderness {speed, Dex+6} (You found it on level 1 of the Lair of Beasts)
 13864 | Lair:2   | Reached skill level 16 in Stealth
 13871 | Lair:2   | Reached skill level 1 in Fighting
 13880 | Lair:2   | Reached skill level 1 in Conjurations
 13943 | Lair:2   | Noticed a catoblepas
 13968 | Lair:2   | Killed a catoblepas
 14571 | Lair:2   | Reached *** piety under Ashenzari
 14578 | Lair:2   | Noticed Sonja
 15119 | Lair:2   | Killed Sonja
 16028 | Lair:3   | Found a staircase to the Shoals.
 16247 | Lair:4   | Noticed a six-headed hydra
 16257 | Lair:4   | Killed a six-headed hydra
 16278 | Lair:4   | Noticed Snorg
 16288 | Lair:4   | Killed Snorg
 16339 | Lair:4   | Found a hole to the Spider Nest.
 17026 | Lair:4   | Reached skill level 17 in Stealth
 17118 | Lair:4   | Reached **** piety under Ashenzari
 17941 | Lair:4   | Reached XP level 13. HP: 90/90 MP: 19/19
 18483 | Lair:5   | Found a staircase to the Slime Pits.
 18724 | Lair:5   | Reached skill level 5 in Fighting
 19234 | Lair:6   | Entered Level 6 of the Lair of Beasts
 19566 | Lair:6   | Found a shadowy altar of Dithmenos.
 19946 | Lair:6   | Reached skill level 18 in Stealth
 19961 | Lair:6   | Identified the cursed +0 pair of gloves of the Bull {*Drain rElec rCorr Int+5}
 20239 | Lair:6   | Reached skill level 5 in Spellcasting
 20388 | Lair:6   | Reached skill level 1 in Evocations
 20892 | Lair:6   | Reached XP level 14. HP: 101/101 MP: 22/22
 21890 | D:12     | Noticed Urug
 21921 | D:12     | Killed Urug
 22188 | D:12     | Noticed Fannar
 22190 | D:12     | Killed Fannar
 22261 | D:12     | Noticed Nergalle
 22263 | D:12     | Reached ***** piety under Ashenzari
 22267 | D:12     | Killed Nergalle
 22688 | D:13     | Found Ulaggeam's General Store.
 22844 | D:13     | Reached skill level 19 in Stealth
 23959 | Orc:1    | Entered Level 1 of the Orcish Mines
 24397 | Orc:2    | Entered Level 2 of the Orcish Mines
 24454 | Orc:2    | Noticed Azrael
 24976 | Shoals:1 | Entered Level 1 of the Shoals
 25299 | Shoals:1 | Reached skill level 5 in Evocations
 26266 | Orc:2    | Killed Azrael
 26299 | Orc:2    | Found a roughly hewn altar of Beogh.
 26303 | Orc:2    | Reached XP level 15. HP: 92/110 MP: 25/25
 26469 | Orc:2    | Found a staircase to the Elven Halls.
 26481 | Orc:2    | Found Fowiseip's Assorted Antiques.
 26492 | Orc:2    | Found a roughly hewn altar of Beogh.
 26496 | Orc:2    | Found Yrhado's Book Shoppe.
 26859 | Orc:2    | Found a roughly hewn altar of Beogh.
 26948 | Orc:2    | Found Kocitenn's Antique Weapon Boutique.
 26948 | Orc:2    | Found a roughly hewn altar of Beogh.
 26948 | Orc:2    | Noticed an orc warlord
 26948 | Orc:2    | Found Anes's Antique Armour Shop.
 26960 | Orc:2    | Found a roughly hewn altar of Beogh.
 27126 | Orc:2    | Found a roughly hewn altar of Beogh.
 27320 | Orc:2    | Found a roughly hewn altar of Beogh.
 27327 | Orc:2    | Found Goklo's Antique Weapon Shoppe.
 27389 | Orc:2    | Found a roughly hewn altar of Beogh.
 27407 | Orc:2    | Found a runed door.
 27590 | Orc:2    | Found a roughly hewn altar of Beogh.
 28592 | Orc:2    | Bought a brightly glowing leather armour for 161 gold pieces
 28592 | Orc:2    | Bought a smoking leather armour for 161 gold pieces
 28603 | Orc:2    | Identified the cursed +1 leather armour of Vehumet's Delight {rF+ rN+ MR-} (You bought it in a shop on level 2 of the Orcish Mines)
 28603 | Orc:2    | Identified the +1 leather armour of Qyecev {*Contam rN+ rCorr Str+3} (You bought it in a shop on level 2 of the Orcish Mines)
 28722 | Orc:2    | Bought a scroll of enchant weapon for 232 gold pieces
 28722 | Orc:2    | Bought a blackened wooden wand for 124 gold pieces
 28734 | Orc:2    | Bought a book of Party Tricks for 600 gold pieces
 28955 | Orc:2    | Reached skill level 20 in Stealth
 29140 | Orc:2    | Learned a level 6 spell: Invisibility
 29231 | Orc:2    | Killed an orc warlord
 29803 | Orc:2    | Bought a bloodstained great sword for 379 gold pieces
 29804 | Orc:2    | Identified the +4 great sword "Xijej" {drain, Str-2 Int+4} (You bought it in a shop on level 2 of the Orcish Mines)
 31832 | Shoals:2 | Noticed Polyphemus
 31885 | Shoals:2 | Killed Polyphemus
 33766 | Shoals:4 | Entered Level 4 of the Shoals
 33881 | Shoals:4 | Reached XP level 16. HP: 118/118 MP: 22/28
 34115 | Shoals:4 | Reached skill level 15 in Dodging
 34911 | Shoals:3 | Reached skill level 1 in Long Blades
 34971 | Shoals:4 | Reached skill level 15 in Hexes
 36082 | Shoals:2 | Reached skill level 1 in Armour
 36821 | Shoals:4 | Noticed Ilsuiw
 36821 | Shoals:4 | Noticed Aizul
 37036 | Shoals:4 | Got a barnacled rune of Zot
 38195 | Shoals:3 | Killed Aizul
 38940 | Spider:1 | Entered Level 1 of the Spider Nest
 39939 | Spider:1 | Reached XP level 17. HP: 99/127 MP: 26/29
 40215 | Spider:1 | Reached skill level 10 in Fighting
 40333 | Spider:2 | Reached skill level 1 in Poison Magic
 40548 | Spider:2 | Noticed Arachne
 41254 | Spider:2 | Killed Arachne
 43288 | Spider:4 | Entered Level 4 of the Spider Nest
 44989 | D:14     | Found a gate to the Vaults.
 45442 | Spider:4 | Reached skill level 21 in Stealth
 47434 | Spider:4 | Reached XP level 18. HP: 139/139 MP: 28/30
 48266 | Spider:4 | Identified a scroll of acquirement
 48448 | Spider:4 | Got a gossamer rune of Zot
 48985 | D:14     | Reached skill level 22 in Stealth
 49375 | D:15     | Entered Level 15 of the Dungeon
 49641 | Elf:1    | Entered Level 1 of the Elven Halls
 51412 | Elf:2    | Identified the +4 hand axe of Renk {chop, +Rage rPois Int-5}
 51582 | Elf:2    | Found a runed gate.
 51582 | Elf:2    | Found a runed gate.
 51582 | Elf:2    | Found a runed gate.
 53684 | Elf:1    | Reached skill level 1 in Shields
 54229 | Elf:2    | Reached XP level 19. HP: 148/148 MP: 20/31
 54394 | Elf:2    | HP: 3/149 [eveningstar of electrocution (15)]
 54559 | Elf:3    | Entered Level 3 of the Elven Halls
 54722 | Elf:3    | Reached skill level 23 in Stealth
 55064 | Elf:3    | Reached skill level 5 in Poison Magic
 55370 | Elf:3    | Identified the ring of Kovonyw {rF+ Str+3}
 56107 | Elf:3    | Cast into level 3 of the Abyss (a deep elf demonologist)
 56166 | Elf:3    | Escaped the Abyss
 56389 | Elf:3    | Cast into level 3 of the Abyss (a deep elf sorcerer)
 56493 | Abyss:3  | Noticed a lich
 56530 | Abyss:3  | Found a sacrificial altar of Ru.
 56758 | Elf:3    | Escaped the Abyss
 57021 | Lair:1   | Lost mutation: Your muscles are strong. (Str +2) [potion of cure mutation]
 57021 | Lair:1   | Lost mutation: You have sharp toenails. [potion of cure mutation]
 57025 | Lair:1   | Gained mutation: You are partially covered in molten scales. (AC +2) [potion of beneficial mutation]
 57131 | D:8      | Gained mutation: You are often teleported next to monsters. [mutagenic glow]
 58295 | D:15     | Found a staircase to the Depths.
 58395 | Depths:1 | Entered Level 1 of the Depths
 59488 | Elf:3    | Gained mutation: You are frail. (-10% HP) [a neqoxec]
 59556 | Elf:3    | Reached skill level 5 in Shields
 59686 | Elf:3    | Identified the Grimoire of the Captivating Mountains
 59881 | Elf:3    | Identified the Papyrus of Helpful Transmutation
 60414 | Lair:1   | Learned a level 2 spell: Passwall
 60644 | Vaults:1 | Entered Level 1 of the Vaults
 60666 | Vaults:1 | Reached skill level 24 in Stealth
 60692 | Vaults:1 | Found Gozag's Antique Weapon Shop.
 60696 | Vaults:1 | Found an opulent altar of Gozag.
 60737 | Vaults:1 | Found Gozag's Antique Weapon Shop.
 60798 | Vaults:1 | Found Gozag's Assorted Antiques.
 60861 | Vaults:1 | Reached XP level 20. HP: 86/143 MP: 15/32
 60904 | Vaults:1 | Bought a transparent long sword for 850 gold pieces
 60904 | Vaults:1 | Identified the +3 long sword "Nyuss" {speed, rPois rN+} (You bought it in a shop on level 1 of the Vaults)
 60919 | Vaults:1 | Bought a scroll of teleportation for 300 gold pieces
 60980 | Vaults:1 | Noticed Saint Roka
 61017 | Vaults:1 | Killed Saint Roka
 62291 | Vaults:1 | Reached skill level 5 in Long Blades
 62527 | Vaults:1 | Slain by a skeletal warrior

Skill      XL: |  1  2  3  4  5  6  7  8  9 10 11 12 13 14 15 16 17 18 19 20 |
---------------+-------------------------------------------------------------+-----
Hexes          | 5 6 7 8 9 10 12 14 15 | 15.2
Stealth        | 5 6 7 8 10 12 13 15 17 18 19 20 21 22 24 | 24.5
Short Blades   | 2 3 4 5 6 8 9 10 11 12 | 12.0
Spellcasting   | 3 4 5 7 8 |  8.0
Dodging        | 4 6 8 10 11 12 13 14 16 17 18 | 18.5
Air Magic      | 3 5 7 8 |  8.0
Fighting       | 4 6 8 9 11 12 14 | 14.4
Conjurations   | 3 |  3.1
Evocations     | 2 5 7 8 |  8.2
Long Blades    | 3 5 |  5.2
Armour         | 4 |  4.3
Poison Magic   | 3 4 5 |  5.5
Shields        | 2 5 |  5.0

Action                   |  1- 3 |  4- 6 |  7- 9 | 10-12 | 13-15 | 16-18 | 19-21 || total
-------------------------+-------+-------+-------+-------+-------+-------+-------++-------
Melee: Dagger            |    93 |   148 |   313 |   734 |  1675 |  1795 |       ||  4758
       Bite              |     4 |    12 |    34 |   105 |   288 |   463 |   210 ||  1116
       Great sword       |       |       |       |       |     7 |    55 |    43 ||   105
       Quick blade       |       |       |       |       |       |   804 |  1002 ||  1806
       Long sword        |       |       |       |       |       |       |   138 ||   138
       Unarmed           |       |       |       |       |       |       |     1 ||     1
 Cast: Corona            |    10 |    10 |    10 |    10 |    36 |    30 |     5 ||   111
       Confuse           |     3 |    16 |    32 |    83 |   244 |   276 |    74 ||   728
       Tukima's Dance    |       |       |     9 |    12 |    51 |    50 |    53 ||   175
       Dazzling Spray    |       |       |     6 |    21 |    77 |   139 |    35 ||   278
       Mephitic Cloud    |       |       |       |    13 |    47 |    69 |    46 ||   175
       Repel Missiles    |       |       |       |     1 |     4 |     8 |     3 ||    16
       Invisibility      |       |       |       |       |     7 |     1 |     2 ||    10
Invok: Curse Item        |       |       |     2 |       |       |     2 |       ||     4
       Scrying           |       |       |       |       |     2 |       |     2 ||     4
 Abil: End Transformatio |       |       |     1 |     4 |     2 |     6 |     2 ||    15
       Bat Form          |       |       |     1 |     4 |     2 |     6 |     2 ||    15
Evoke: Wand              |       |     2 |       |     1 |     5 |    12 |    10 ||    30
       Phantom mirror    |       |       |       |       |       |       |     1 ||     1
  Use: Potion            |     2 |     9 |     2 |    11 |    21 |    26 |     8 ||    79
       Scroll            |       |     7 |     3 |     7 |    18 |    27 |    11 ||    73
 Stab: Sleeping          |    12 |    18 |    22 |    44 |    62 |    41 |    16 ||   215
       Confused          |       |     9 |    13 |    46 |   170 |   209 |    60 ||   507
       Invisible         |       |       |     1 |    13 |    56 |    43 |    35 ||   148
       Distracted        |       |       |       |     1 |    12 |    24 |     9 ||    46
       Petrified         |       |       |       |       |     4 |       |       ||     4
  Eat: Corpse            |       |     3 |    10 |    17 |    35 |    28 |    17 ||   110
Armor: Robe              |    16 |    18 |    60 |    70 |   113 |       |       ||   277
       Leather armour    |       |       |       |       |    64 |   354 |    80 ||   498
Dodge: Dodged            |    58 |    60 |   163 |   395 |  1212 |  2474 |   679 ||  5041
       Deflected         |       |       |       |       |    30 |    39 |    16 ||    85
Block: Buckler           |       |       |       |       |       |     3 |   113 ||   116
       Rpst.: Great sword |       |       |       |       |     1 |    11 |    17 ||    29
       Long sword        |       |       |       |       |       |       |    32 ||    32
